AoeStats
← Annibale

MegaRandom

509179853Analyzed
3v3 RM · 7d ago on Sep 25, 2026· 57m 57s· 6 players
Game mode
Random Map
Map size
Normal (6 player)
Population
200
Speed
Normal
Resources
Standard
Victory
Conquest
Starting age
Dark Age
Ending age
Imperial Age
RankedLock teamsTeams togetherTeam positionsShared explorationLock speedFull tech treeHidden civsTurbo modeCheats
Victory
Defeat
🇩🇪 Persians · Germany
1025
+13
🇩🇪 Vikings · Germany
1009
+14
🇩🇪 Vietnamese · Germany
1007
+14
🇺🇸 Teutons · United States
976
-14
🇦🇷 Franks · Argentina
967
-14
🇬🇧 Bohemians · United Kingdom
944
-13
Caillou
12:43 Feudal Age
17:31 Castle Age
17:39 Loom
18:22 Man-at-Arms
22:10 Long Swordsman
25:13 Scale Mail Armor
25:22 Arson
25:39 Squires
25:35 Gambesons
26:59 Forging
34:29 Imperial Age
33:14 Wheelbarrow
38:08 Elite Teutonic Knight
39:47 Iron Casting
40:33 Horse Collar
43:35 Onager
47:57 Hand Cart
48:00 Two-Handed Swordsman
50:15 Champion
Pancito
8:14 Loom
10:36 Feudal Age
11:40 Double-Bit Axe
23:05 Castle Age
22:06 Fishing Lines
24:13 Bow Saw
24:42 Husbandry
24:35 Fletching
24:46 Padded Archer Armor
24:57 Forging
24:52 Scale Barding Armor
24:53 Gillnets
29:57 Bodkin Arrow
30:18 Leather Archer Armor
30:43 Wheelbarrow
30:56 Ordonnance Companies
34:23 Imperial Age
33:28 Iron Casting
33:14 Chain Barding Armor
34:51 Heavy Mounted Crossbowman
34:52 Cranequins
36:54 Cranequins
38:00 Hand Cart
37:31 Town Watch
38:59 Blast Furnace
38:34 Plate Barding Armor
40:18 Light Cavalry
42:52 Plate Barding Armor
45:02 Chemistry
44:22 Ballistics
44:07 Siege Engineers
46:57 Cavalier
49:34 Paladin
-Slipstream/Matt
8:13 Loom
10:28 Feudal Age
11:05 Double-Bit Axe
18:33 Castle Age
19:34 Wheelbarrow
21:53 Fletching
22:55 Bow Saw
22:52 Horse Collar
23:27 Bodkin Arrow
25:39 Hand Cart
26:04 Crossbowman
28:19 Padded Archer Armor
30:44 Elite Skirmisher
32:50 Pikeman
42:58 Imperial Age
43:05 Imperial Age
41:53 Leather Archer Armor
41:52 Wagenburg Tactics
44:47 Two-Man Saw
46:20 Chemistry
45:41 Ballistics
45:17 Murder Holes
45:28 Siege Engineers
47:30 Conscription
47:16 Hussite Reforms
49:08 Houfnice
50:31 Caravan
50:47 Bracer
51:18 Ring Archer Armor
55:01 Halberdier
56:50 Squires
Annibale
7:30 Loom
11:50 Feudal Age
15:39 Double-Bit Axe
19:17 Castle Age
17:43 Horse Collar
20:30 Bow Saw
24:13 Wheelbarrow
25:21 Gold Mining
28:13 Gold Shaft Mining
31:05 Hand Cart
36:36 Husbandry
36:47 Bloodlines
40:33 Imperial Age
39:27 Scale Barding Armor
39:33 Forging
41:54 Two-Man Saw
41:15 Cavalier
43:36 Chain Barding Armor
44:05 Heavy Plow
45:18 Plate Barding Armor
49:31 Iron Casting
49:53 Caravan
51:26 Savar
strater11
4:39 Loom
11:20 Feudal Age
12:30 Double-Bit Axe
18:55 Castle Age
17:20 Scale Mail Armor
17:07 Fishing Lines
17:59 Gold Mining
19:39 Squires
21:00 Gillnets
23:19 Town Watch
23:22 Arson
23:55 Chain Mail Armor
25:07 Bow Saw
27:32 Forging
27:04 Crossbowman
27:41 Fletching
29:38 Bodkin Arrow
33:37 Imperial Age
31:55 Iron Casting
30:56 Crossbowman
32:03 Padded Archer Armor
32:26 Ballistics
33:51 Gold Shaft Mining
35:11 Bogsveigar
35:15 Bracer
36:24 Chemistry
36:40 Conscription
36:56 Plate Mail Armor
36:02 Arbalester
36:47 Elite Varangian Guard
39:26 Blast Furnace
38:15 Capped Ram
39:31 Horse Collar
40:47 Leather Archer Armor
41:15 Chieftains
41:51 Siege Engineers
45:20 Ring Archer Armor
44:56 Caravan
50:00 Coinage
51:55 Banking
Beta
10:13 Loom
12:43 Feudal Age
18:07 Castle Age
25:18 Squires
25:17 Fishing Lines
26:13 Double-Bit Axe
27:13 Medium Warships
27:58 Fletching
27:48 Crossbowman
31:38 Wheelbarrow
31:36 Elite Skirmisher
33:23 Bodkin Arrow
33:30 Padded Archer Armor
41:08 Imperial Age
39:48 Leather Archer Armor
39:58 Ballistics
40:05 Fishing Lines
41:10 Gillnets
41:21 Town Watch
43:47 Imperial Skirmisher
45:23 Arbalester
48:05 Chemistry
47:36 Bracer
49:10 Caravan
51:44 Thumb Ring
57:58 Ring Archer Armor
Connection lost

Rejoining the realm…

Still unreachable

The connection could not be restored.

Session expired

The server has moved on; the page needs a fresh start.